AoeStats
← feso

Arabia

509015423Analyzed
2v2 RM · 8d ago on Sep 25, 2026· 36m 21s· 4 players
Game mode
Random Map
Map size
Medium (4 player)
Population
200
Speed
Normal
Resources
Standard
Victory
Conquest
Starting age
Dark Age
Ending age
Imperial Age
RankedLock teamsTeams togetherTeam positionsShared explorationLock speedFull tech treeHidden civsTurbo modeCheats
Victory
Defeat
🇦🇷 Gurjaras · Argentina
603
+14
🇦🇷 Romans · Argentina
594
+15
🇲🇽 Franks · Mexico
572
-15
🇹🇼 Aztecs · Taiwan
566
-14
jose.rodarte
0:33 Loom
12:48 Feudal Age
14:06 Wheelbarrow
15:10 Stone Mining
15:20 Double-Bit Axe
PaTrick Sun
9:49 Loom
12:56 Feudal Age
13:26 Horse Collar
15:19 Double-Bit Axe
22:33 Castle Age
20:38 Stone Mining
20:41 Gold Mining
21:05 Scale Mail Armor
21:15 Forging
23:33 Forging
28:06 Stone Shaft Mining
29:25 Iron Casting
29:06 Chain Mail Armor
30:51 Bow Saw
31:07 Eagle Warrior
33:17 Atlatl
32:42 Elite Skirmisher
33:14 Fletching
35:57 Gold Shaft Mining
Victorino
9:20 Feudal Age
13:44 Double-Bit Axe
16:40 Man-at-Arms
17:54 Gold Mining
25:23 Castle Age
23:51 Loom
24:01 Stone Mining
24:13 Horse Collar
24:28 Fletching
24:39 Padded Archer Armor
24:52 Scale Mail Armor
26:43 Crossbowman
26:44 Long Swordsman
31:47 Heavy Plow
34:46 Forging
feso
10:12 Feudal Age
11:12 Double-Bit Axe
16:14 Loom
18:53 Castle Age
17:37 Scale Barding Armor
17:35 Horse Collar
20:45 Bow Saw
21:07 Forging
21:29 Gold Mining
23:09 Iron Casting
24:12 Fletching
30:32 Heavy Plow
36:09 Imperial Age
34:35 Bloodlines
34:28 Husbandry
Connection lost

Rejoining the realm…

Still unreachable

The connection could not be restored.

Session expired

The server has moved on; the page needs a fresh start.